[Event "2nd Memorial Petro Katsan 2023"]
[Site "Chernonograd"]
[Date "2023.01.22"]
[Round "6"]
[White "Volkov, Roman K"]
[Black "Kutyra, Myroslav"]
[Result "0-1"]
[ECO "D00"]
[WhiteElo "1777"]
[BlackElo "1764"]
[Annotator "NA RC COMBH"]
[PlyCount "49"]
[EventDate "2023.01.24"]
[EventRounds "9"]
[EventCountry "UKR"]
[SourceTitle "playchess.com"]
[Source "ChessBase"]
[SourceQuality "1"]
[TimeControl "600+5"]

1. d4 Nf6 2. Nc3 d5 3. Bf4 c6 4. Nf3 Bf5 5. e3 e6 6. Bd3 Bg6 7. Ne5 Nbd7 8. Nxg6 hxg6 9. O-O Nh5 10. Bg3 Qg5 11. Qe2 Nxg3 12. fxg3 Bd6 13. Rf3 Nf6 14. e4 dxe4 15. Nxe4 Nxe4 16. Bxe4 O-O-O 17. Rxf7 e5 18. Rxg7 Qh6 19. Qg4+ Kb8 20. Rxg6 Qxh2+ 21. Kf2 Rhf8+ 22. Ke2 exd4 23. Rd1 Bc5 24. Rd3 Qg1 25. Qg5 0-1

[Event "2nd Memorial Petro Katsan 2023"]
[Site "Chernonograd"]
[Date "2023.01.22"]
[Round "6"]
[White "Kikh, Andriy"]
[Black "Hychkevych, Vitaliy"]
[Result "1/2-1/2"]
[ECO "D10"]
[WhiteElo "1746"]
[BlackElo "1251"]
[Annotator "NA RC COMBH"]
[PlyCount "134"]
[EventDate "2023.01.24"]
[EventRounds "9"]
[EventCountry "UKR"]
[SourceTitle "playchess.com"]
[Source "ChessBase"]
[SourceQuality "1"]
[TimeControl "600+5"]

1. d4 c5 2. c3 cxd4 3. cxd4 d5 4. Nc3 Nc6 5. f4 Nf6 6. e3 g6 7. Nf3 Bg7 8. Be2 O-O 9. a3 a6 10. O-O Bg4 11. Ne5 Bxe2 12. Qxe2 Nxe5 13. fxe5 Nd7 14. Bd2 e6 15. Rac1 b5 16. Na2 f6 17. Bb4 Re8 18. exf6 Nxf6 19. Rc6 Qd7 20. Rfc1 Rec8 21. Qc2 Rxc6 22. Qxc6 Qxc6 23. Rxc6 Ne4 24. Rxe6 Bh6 25. Nc3 Bxe3+ 26. Kf1 Bxd4 27. Nxd5 Ng5 28. Re2 a5 29. Bc3 Rf8+ 30. Ke1 Bxc3+ 31. Nxc3 b4 32. axb4 axb4 33. Nd5 b3 34. h4 Nf7 35. Re3 Rb8 36. Ne7+ Kg7 37. Nc6 Rb6 38. Nd4 Rb4 39. Nxb3 Rxh4 40. Kd2 Nd6 41. Kd3 Nc4 42. Re2 Nd6 43. Nd4 Rg4 44. b4 Nf5 45. Ne6+ Kf6 46. Nc7 Rd4+ 47. Kc3 Rd7 48. Na6 Nd4 49. Rf2+ Kg5 50. Nc5 Nb5+ 51. Kc4 Nd6+ 52. Kd5 Rf7 53. Rxf7 Nxf7 54. Ne6+ Kf6 55. b5 Ne5 56. b6 Nd7 57. b7 Ke7 58. Nd4 Nb6+ 59. Kc6 Nd7 60. g3 h5 61. Kc7 Ke8 62. Ne6 Ke7 63. Nf4 Nc5 64. Nxg6+ Kf6 65. Nf4 Nxb7 66. Kxb7 Kg5 67. Nxh5 Kxh5 1/2-1/2

[Event "2nd Memorial Petro Katsan 2023"]
[Site "Chernonograd"]
[Date "2023.01.22"]
[Round "6"]
[White "Soroka, Denys"]
[Black "Katsan, Danylo"]
[Result "0-1"]
[ECO "E91"]
[WhiteElo "1624"]
[BlackElo "1447"]
[Annotator "NA RC COMBH"]
[PlyCount "136"]
[EventDate "2023.01.24"]
[EventRounds "9"]
[EventCountry "UKR"]
[SourceTitle "playchess.com"]
[Source "ChessBase"]
[SourceQuality "1"]
[TimeControl "600+5"]

1. d4 Nf6 2. c4 g6 3. Nc3 Bg7 4. e4 d6 5. Nf3 Nc6 6. Be2 O-O 7. O-O a5 8. h3 Nd7 9. Re1 e5 10. d5 Ne7 11. Bg5 h6 12. Bh4 g5 13. Bg3 f5 14. exf5 Nxf5 15. Bh2 Nc5 16. Bd3 Qf6 17. Ne4 Nxe4 18. Bxe4 Nh4 19. Bg3 Nxf3+ 20. Bxf3 Bxh3 21. c5 Bf5 22. cxd6 cxd6 23. Rc1 Rac8 24. Qb3 g4 25. Be2 h5 26. Qxb7 h4 27. Bh2 Be4 28. Qa7 Rxc1 29. Rxc1 g3 30. fxg3 hxg3 31. Bxg3 Qg5 32. Rc3 Bxd5 33. Qe3 Qg6 34. Bc4 Qb1+ 35. Qc1 Qe4 36. Bxd5+ Qxd5 37. Qg5 Qd1+ 38. Kh2 Rf7 39. Rc8+ Kh7 40. Qh4+ Bh6 41. Rd8 Kg7 42. Re8 Kh7 43. Re7 Qf1 44. Rxf7+ Qxf7 45. Qe4+ Kg7 46. Qg4+ Kh8 47. Qc8+ Bf8 48. Qd8 Kg8 49. Bh4 Qf4+ 50. Kg1 Qc1+ 51. Kh2 Qf4+ 52. Kg1 e4 53. Be7 Qc1+ 54. Kh2 Qh6+ 55. Kg1 Qe3+ 56. Kh2 Qf4+ 57. Kg1 e3 58. Qxf8+ Qxf8 59. Bxf8 Kxf8 60. Kf1 d5 61. Ke2 d4 62. a3 a4 63. Kd3 Kf7 64. Ke2 Kf6 65. Kf3 Ke5 66. g4 Kf6 67. Kg3 Kg5 68. Kf3 Kh4 0-1

[Event "2nd Memorial Petro Katsan 2023"]
[Site "Chernonograd"]
[Date "2023.01.22"]
[Round "6"]
[White "Kutsyk, Roman"]
[Black "Korchevskyi, Volodymyr"]
[Result "1-0"]
[ECO "D02"]
[WhiteElo "1456"]
[BlackElo "1244"]
[Annotator "NA RC COMBH"]
[PlyCount "34"]
[EventDate "2023.01.24"]
[EventRounds "9"]
[EventCountry "UKR"]
[SourceTitle "playchess.com"]
[Source "ChessBase"]
[SourceQuality "1"]
[TimeControl "600+5"]

1. d4 Nf6 2. Bf4 d5 3. e3 e6 4. Bd3 c5 5. c3 Nc6 6. Nf3 Qb6 7. b3 Bd7 8. Nbd2 cxd4 9. exd4 Be7 10. O-O O-O 11. Ne5 Rac8 12. Rc1 Ba3 13. Rc2 Rfd8 14. Qf3 Ne7 15. Bg5 Ng6 16. Bxf6 gxf6 17. Qxf6 Rf8 1-0

[Event "2nd Memorial Petro Katsan 2023"]
[Site "Chernonograd"]
[Date "2023.01.22"]
[Round "6"]
[White "Gavker, Markiyan"]
[Black "Kozak, Dmytro"]
[Result "0-1"]
[ECO "C58"]
[WhiteElo "1310"]
[BlackElo "1937"]
[Annotator "TA"]
[PlyCount "80"]
[EventDate "2023.01.24"]
[EventRounds "9"]
[EventCountry "UKR"]
[SourceTitle "playchess.com"]
[Source "ChessBase"]
[SourceQuality "1"]
[TimeControl "600+5"]

1. e4 e5 2. Nf3 Nc6 3. Bc4 Nf6 4. Ng5 d5 5. exd5 Na5 6. Bb5+ c6 7. dxc6 bxc6 8. Bd3 {is now debated instead of 8.Be2.} h6 (8... Nd5 $11 9. Nf3 (9. Qh5 g6 $17) 9... Bd6) 9. Ne4 $14 {C58: Two Knights: 4 Ng5 d5 5 exd5 Na5 sidelines.} Be7 (9... Nd5 $14) 10. Nxf6+ $16 Bxf6 11. O-O {White is better.} O-O 12. Nc3 {[#]} a6 $146 (12... g6 $16 13. Be2 Bg7) ({Predecessor:} 12... c5 13. Be4 Rb8 14. Nd5 Bg5 15. d3 f5 16. Bf3 Kh7 17. Re1 Nc6 18. c3 Be6 {1-0 Abdusattorov,N (2627)-Beerdsen,T (2453) Titled Arena Apr 3rd blitz 2021}) 13. Be4 Rb8 14. a3 Kh8 (14... Be7 $16 {was called for.}) 15. b4 $18 Nc4 16. Bxc6 Qc7 17. Bd5 Nb6 18. Bb3 Bf5 {Inhibits Ne4.} (18... e4 $16 {was worth a try.} 19. Rb1 Bb7) 19. Rb1 Rbd8 (19... e4 $142 20. Qh5 Bg6) 20. Qe2 e4 21. Bb2 Be5 22. h3 (22. Nxe4 Bxb2 23. Rxb2 Qe5) (22. Qxa6 Rxd2 23. Rbe1 Bxh2+ 24. Kh1 Qf4 $19) 22... Bf4 (22... Rfe8 $142 23. Qxa6 (23. Nxe4 Bxb2 24. d3 Bd4 $17) 23... Rxd2) 23. Rfd1 (23. Qxa6 Qc6 24. Rfd1 Qg6) 23... Qe7 (23... Qb7 $142 24. a4 Bg6) 24. Na4 $2 (24. d3 $18) 24... Nxa4 $11 25. Bxa4 Qg5 {Dodges Qh5} 26. Kf1 $2 (26. Qxa6 $2 Bxh3 27. Qf1 Bg4 $19) (26. Kh1 $1 $11) 26... Qh4 $2 ({Black should try} 26... Rd6 $19 {White must now prevent ...Rg6.} 27. d3 Rg6) 27. g3 $2 (27. d3 $11 {and White is okay.}) 27... Qxh3+ $19 ({Inferior is} 27... Bxh3+ 28. Ke1 (28. Kg1 $2 Bxg3 29. Bxg7+ Kxg7 $19) 28... Qg5 29. d3 $17 (29. gxf4 $2 Qg1+)) 28. Kg1 {[#]} Bg4 $2 (28... Rd6 $1 $19 {[%cal Oe4e3] Strongly threatening ...e3!} 29. Qf1 Qh5) 29. Qf1 $2 {[%mdl 8192] [#]} (29. Qxe4 $11 Qh5 30. Qxf4 Bxd1 31. d3) 29... Qxf1+ $2 (29... Qh5 $1 $19 {[%cal Og4f3] And now ...Bf3! would win.} 30. Qg2 (30. gxf4 $2 {loses.} Bf3 $19) 30... Bf3) 30. Rxf1 $15 Bxd2 31. Kg2 $2 {[%mdl 8192] Loses the game.} (31. c4 $15) 31... Bf3+ $19 32. Kh2 Rd5 33. g4 {Prevents Rh5+.} Bxg4 (33... Bf4+ $142 34. Kh3 f5) 34. Kg3 $2 (34. Bc1 Bf3 35. Bxd2 Rxd2 36. c4) 34... Bf3 35. Rg1 Rg5+ 36. Kh4 Rh5+ 37. Kg3 Rf5 (37... f5 $142 38. Bxg7+ Kxg7 39. Rgf1 f4#) 38. Kh4 (38. Kh3 $142 Rh5+ 39. Kg3 f5 40. Bxg7+ Kxg7 41. Rgf1 f4#) 38... f6 {[%cal Bf7f6,Bf6f5][%mdl 32] ( -> ...Rh5+)} 39. Bd7 Rh5+ 40. Kg3 f5 {Weighted Error Value: White=1.60/Black=1.09} 0-1

[Event "2nd Memorial Petro Katsan 2023"]
[Site "Chernonograd"]
[Date "2023.01.22"]
[Round "6"]
[White "Tymchyshyn, Iryna"]
[Black "Karpinets, Andrian"]
[Result "0-1"]
[ECO "B23"]
[WhiteElo "1167"]
[BlackElo "1370"]
[Annotator "NA RC COMBH"]
[PlyCount "82"]
[EventDate "2023.01.24"]
[EventRounds "9"]
[EventCountry "UKR"]
[SourceTitle "playchess.com"]
[Source "ChessBase"]
[SourceQuality "1"]
[TimeControl "600+5"]

1. e4 c5 2. Nc3 Nc6 3. d3 e6 4. Be3 d5 5. exd5 exd5 6. d4 cxd4 7. Bxd4 Be6 8. Nge2 Nf6 9. g3 Be7 10. Bg2 O-O 11. Bxf6 Bxf6 12. Bxd5 Bxd5 13. Qxd5 Bxc3+ 14. Nxc3 Re8+ 15. Kf1 Qf6 16. Kg2 Rad8 17. Qc4 Ne5 18. Qf4 Qc6+ 19. Qe4 Qb6 20. Rad1 Nc4 21. Qxc4 Rc8 22. Qb3 Qc6+ 23. Qd5 Qb6 24. Rhe1 Red8 25. Qb3 Qc6+ 26. Kg1 Rf8 27. Re3 h5 28. Rde1 h4 29. Qb5 Qh6 30. Qxb7 hxg3 31. Rxg3 g6 32. Qf3 Kg7 33. Ne4 Rh8 34. h3 Rc6 35. c3 Re6 36. Re3 Rb6 37. b3 Qh4 38. Qg4 Qd8 39. h4 Rxh4 40. Qg5 Qd1+ 41. Kg2 Qh1# 0-1

[Event "2nd Memorial Petro Katsan 2023"]
[Site "Chernonograd"]
[Date "2023.01.22"]
[Round "7"]
[White "Kozak, Dmytro"]
[Black "Kikh, Andriy"]
[Result "1/2-1/2"]
[ECO "B24"]
[WhiteElo "1937"]
[BlackElo "1746"]
[Annotator "TA"]
[PlyCount "40"]
[EventDate "2023.01.24"]
[EventRounds "9"]
[EventCountry "UKR"]
[SourceTitle "playchess.com"]
[Source "ChessBase"]
[SourceQuality "1"]
[TimeControl "600+5"]

1. e4 c5 2. Nc3 e5 3. g3 Nc6 4. Bg2 d6 5. Nge2 f5 6. d3 {B24: Closed Sicilian: 3 g3 sidelines.} Nf6 7. O-O Be7 8. h3 {White has an edge.} O-O 9. f4 {Threatens to win with fxe5.} fxe4 {[#]} 10. Nxe4 $146 ({Predecessor:} 10. dxe4 exf4 11. Bxf4 Nh5 12. Qd5+ Kh8 13. Qxh5 Bd7 14. Rad1 Be8 15. Qd5 Bf7 16. Qd2 {1-0 Djordjevic,D (2144)-Osmonbekov,T (2136) Titled Tuesday intern op 17th Aug blitz 2021 (10)}) 10... Nd4 11. g4 ({Better is} 11. c3 $14 Ne6 12. Nxf6+ Bxf6 13. Kh2) 11... Bd7 12. Kh1 (12. Nxf6+ $14 Bxf6 13. Nxd4 (13. Bxb7 Rb8 $14) 13... cxd4 14. Bxb7) 12... Bc6 13. c3 Nxe2 14. Qxe2 Qc7 (14... Nxe4 $11 15. Bxe4 Qd7) 15. fxe5 (15. Ng5 $14) 15... dxe5 $11 16. Nxf6+ Rxf6 17. Be3 Raf8 18. Rxf6 Bxg2+ 19. Qxg2 Rxf6 20. Bg5 ({White should play} 20. Qd5+ $14 Kh8 21. Kg2) 20... Rd6 {Weighted Error Value: White=0.23 (precise) /Black=0.18 (very precise)} 1/2-1/2

[Event "2nd Memorial Petro Katsan 2023"]
[Site "Chernonograd"]
[Date "2023.01.22"]
[Round "7"]
[White "Tsertsvadze, Anatoliy"]
[Black "Tsikh, Vladyslav"]
[Result "1/2-1/2"]
[ECO "D02"]
[WhiteElo "1733"]
[BlackElo "1245"]
[Annotator "NA RC COMBH"]
[PlyCount "63"]
[EventDate "2023.01.24"]
[EventRounds "9"]
[EventCountry "UKR"]
[SourceTitle "playchess.com"]
[Source "ChessBase"]
[SourceQuality "1"]
[TimeControl "600+5"]

1. d4 d5 2. Nf3 c5 3. Bf4 Nc6 4. dxc5 Bg4 5. c3 Bxf3 6. exf3 e5 7. Bg3 Bxc5 8. Bb5 f6 9. O-O Nge7 10. Nd2 O-O 11. Nb3 Bb6 12. a4 a6 13. Bd3 Ba7 14. Qc2 h6 15. Rad1 Rc8 16. Qd2 Qb6 17. Bc2 d4 18. cxd4 Nxd4 19. Nxd4 Qxd4 20. Rfe1 Qxd2 21. Rxd2 Bd4 22. Rb1 Kh8 23. Be4 Rc7 24. f4 Rd8 25. b4 Rdc8 26. h3 Bc3 27. Rc2 f5 28. Bd3 e4 29. Bf1 Nd5 30. b5 axb5 31. axb5 b6 32. Rbc1 1/2-1/2

[Event "2nd Memorial Petro Katsan 2023"]
[Site "Chernonograd"]
[Date "2023.01.22"]
[Round "7"]
[White "Katsan, Danylo"]
[Black "Kutsyk, Roman"]
[Result "1/2-1/2"]
[ECO "D04"]
[WhiteElo "1447"]
[BlackElo "1456"]
[Annotator "NA RC COMBH"]
[PlyCount "36"]
[EventDate "2023.01.24"]
[EventRounds "9"]
[EventCountry "UKR"]
[SourceTitle "playchess.com"]
[Source "ChessBase"]
[SourceQuality "1"]
[TimeControl "600+5"]

1. b3 d5 2. Bb2 c5 3. Nf3 Nc6 4. e3 Nf6 5. d4 Bg4 6. Nbd2 e6 7. Bd3 Qb6 8. dxc5 Bxc5 9. O-O Be7 10. c4 O-O 11. h3 Bh5 12. Qb1 Nb4 13. Be2 Bg6 14. Qd1 h6 15. cxd5 exd5 16. Ne5 Bc2 17. Qe1 Bf5 18. Qd1 Bc2 1/2-1/2

[Event "2nd Memorial Petro Katsan 2023"]
[Site "Chernonograd"]
[Date "2023.01.22"]
[Round "7"]
[White "Karpinets, Andrian"]
[Black "Kutyra, Myroslav"]
[Result "1-0"]
[ECO "B20"]
[WhiteElo "1370"]
[BlackElo "1764"]
[Annotator "NA RC COMBH"]
[PlyCount "149"]
[EventDate "2023.01.24"]
[EventRounds "9"]
[EventCountry "UKR"]
[SourceTitle "playchess.com"]
[Source "ChessBase"]
[SourceQuality "1"]
[TimeControl "600+5"]

1. e4 c5 2. b3 Nc6 3. Bb2 d6 4. Bb5 Bd7 5. f4 e5 6. Ne2 Qh4+ 7. g3 Qh3 8. Ng1 Qg2 9. Qf3 Bh3 10. Bf1 Qxf1+ 11. Qxf1 Bxf1 12. Kxf1 Nf6 13. d3 Be7 14. Nd2 O-O-O 15. Ngf3 Ng4 16. Ke2 Bf6 17. f5 Nd4+ 18. Bxd4 exd4 19. Nf1 d5 20. h3 dxe4 21. hxg4 exf3+ 22. Kxf3 Bg5 23. Re1 h6 24. Rh2 Rhe8 25. Rhe2 Kd7 26. Rxe8 Rxe8 27. Rxe8 Kxe8 28. Ke4 Kd7 29. Kd5 b6 30. Nh2 Be3 31. Nf3 f6 32. Nh4 Bf2 33. Ng6 Bxg3 34. Nf8+ Ke7 35. Ne6 Bh2 36. Nxg7 Kd7 37. Ne6 Bg1 38. Nf4 Be3 39. Nh5 Bg5 40. Ng7 Bh4 41. Ne6 Be1 42. Nf8+ Ke7 43. Ng6+ Kd7 44. Nf4 Bg3 45. Nh5 Bh4 46. Nf4 Bg5 47. Ne6 Bh4 48. b4 cxb4 49. Nxd4 Be1 50. Ne2 Bd2 51. Ng3 Bg5 52. Ne4 a5 53. Nd6 Bh4 54. Ne4 Bg5 55. Nxg5 hxg5 56. d4 a4 57. Kc4 b3 58. cxb3 axb3 59. axb3 Kc6 60. d5+ Kd6 61. Kd4 Kc7 62. Kc4 Kd6 63. Kd4 Kc7 64. Ke4 Kd6 65. Kd4 Kc7 66. Kc4 Kd6 67. Kb5 Kxd5 68. Kxb6 Ke4 69. Kc5 Kf4 70. b4 Kxg4 71. b5 Kxf5 72. b6 Kg4 73. b7 f5 74. b8=Q f4 75. Kd4 1-0

[Event "2nd Memorial Petro Katsan 2023"]
[Site "Chernonograd"]
[Date "2023.01.22"]
[Round "7"]
[White "Tymchyshyn, Volodymyr"]
[Black "Gavker, Markiyan"]
[Result "0-1"]
[ECO "B85"]
[WhiteElo "1267"]
[BlackElo "1310"]
[Annotator "NA RC COMBH"]
[PlyCount "86"]
[EventDate "2023.01.24"]
[EventRounds "9"]
[EventCountry "UKR"]
[SourceTitle "playchess.com"]
[Source "ChessBase"]
[SourceQuality "1"]
[TimeControl "600+5"]

1. e4 c5 2. Nf3 Nc6 3. d4 cxd4 4. Nxd4 Nf6 5. Nc3 d6 6. Be2 e6 7. Be3 Be7 8. O-O O-O 9. f4 a6 10. Bf3 Qc7 11. Qe2 Nxd4 12. Bxd4 e5 13. fxe5 dxe5 14. Be3 Be6 15. Qf2 Bg4 16. Rad1 Bxf3 17. Qxf3 Rad8 18. Bf2 Bc5 19. Nd5 Bxf2+ 20. Rxf2 Nxd5 21. exd5 f5 22. Qb3 Rd6 23. Rdf1 f4 24. Re1 Qe7 25. Rfe2 Rf5 26. Qd3 g6 27. c4 b6 28. b4 Rd7 29. Qc3 Qf6 30. Rxe5 Re7 31. d6 Rexe5 32. Rxe5 Qxe5 33. Qxe5 Rxe5 34. Kf2 Kf7 35. Kf3 Ke6 36. Kxf4 Kxd6 37. Kf3 h6 38. a4 a5 39. c5+ bxc5 40. bxa5 c4 41. a6 Ra5 42. Ke4 Rxa6 43. Kd4 Rxa4 0-1

[Event "2nd Memorial Petro Katsan 2023"]
[Site "Chernonograd"]
[Date "2023.01.22"]
[Round "7"]
[White "Hychkevych, Vitaliy"]
[Black "Soroka, Denys"]
[Result "1-0"]
[ECO "D55"]
[WhiteElo "1251"]
[BlackElo "1624"]
[Annotator "NA RC COMBH"]
[PlyCount "97"]
[EventDate "2023.01.24"]
[EventRounds "9"]
[EventCountry "UKR"]
[SourceTitle "playchess.com"]
[Source "ChessBase"]
[SourceQuality "1"]
[TimeControl "600+5"]

1. d4 d5 2. c4 Nf6 3. Nc3 c6 4. Bg5 e6 5. e3 Be7 6. Nf3 O-O 7. Be2 h6 8. Bh4 Nbd7 9. O-O Nh7 10. Bxe7 Qxe7 11. cxd5 exd5 12. Bd3 Ng5 13. Re1 Nxf3+ 14. Qxf3 Nf6 15. e4 dxe4 16. Nxe4 Nxe4 17. Bxe4 Qb4 18. d5 cxd5 19. Bxd5 Rb8 20. Re8 Be6 21. Rxb8 Rxb8 22. Bxe6 fxe6 23. b3 Qb6 24. h3 Rf8 25. Qe2 Rf6 26. Re1 Kf7 27. Rd1 Qc6 28. g3 Rf5 29. Qe3 a6 30. Rc1 Qd6 31. Qc3 Rd5 32. Qc7+ Qd7 33. Qf4+ Kg8 34. Rc7 Qe8 35. Rxb7 Rd7 36. Rb8 Rd8 37. Rxd8 Qxd8 38. Qe4 Qd6 39. Kg2 Kf7 40. Qb7+ Kf6 41. Qe4 Qa3 42. Qc2 Qa5 43. Qb2+ Kf7 44. b4 Qd5+ 45. Kh2 e5 46. Qb3 Qxb3 47. axb3 Ke6 48. Kg2 Kd5 49. Kf3 1-0

[Event "2nd Memorial Petro Katsan 2023"]
[Site "Chernonograd"]
[Date "2023.01.22"]
[Round "8"]
[White "Kikh, Andriy"]
[Black "Tsertsvadze, Anatoliy"]
[Result "0-1"]
[ECO "A22"]
[WhiteElo "1746"]
[BlackElo "1733"]
[Annotator "NA RC COMBH"]
[PlyCount "178"]
[EventDate "2023.01.24"]
[EventRounds "9"]
[EventCountry "UKR"]
[SourceTitle "playchess.com"]
[Source "ChessBase"]
[SourceQuality "1"]
[TimeControl "600+5"]

1. c4 e5 2. Nc3 Nf6 3. e4 c6 4. d3 Be7 5. f4 exf4 6. Bxf4 d6 7. Nf3 Bg4 8. Be2 Nbd7 9. O-O O-O 10. h3 Bh5 11. Qc2 Re8 12. a3 h6 13. Qd2 Kh7 14. Rad1 Bf8 15. Qc2 Ne5 16. Nd4 Bxe2 17. Ncxe2 Nh5 18. Bh2 g6 19. Nf3 Qd7 20. d4 Nxf3+ 21. Rxf3 Qe6 22. e5 dxe5 23. dxe5 Red8 24. Rdf1 Rd7 25. g4 Bc5+ 26. Kg2 Ng7 27. b4 Bb6 28. Rf6 Qe8 29. Nc3 Bd8 30. R6f2 Bh4 31. Rf3 Rad8 32. Ne4 Rd4 33. Rxf7 Qe6 34. Qe2 Rxc4 35. Bg3 Bxg3 36. Nxg3 Qd5+ 37. Qf3 Rc2+ 38. Kh1 Qxe5 39. Qf4 Rdd2 40. Rxg7+ Qxg7 41. Ne4 Rh2+ 42. Qxh2 Rxh2+ 43. Kxh2 Qe5+ 44. Ng3 Qb2+ 45. Kg1 Qxa3 46. Kf2 Qxb4 47. Re1 Qc5+ 48. Kf3 Qd5+ 49. Ne4 Kg7 50. Ke3 Qb3+ 51. Kf2 a5 52. Re3 Qc2+ 53. Re2 Qd3 54. Re3 Qd4 55. Kf3 a4 56. h4 b5 57. g5 h5 58. Nf2 Qd5+ 59. Kg3 Qd6+ 60. Kf3 a3 61. Re2 b4 62. Ne4 Qd3+ 63. Re3 Qxe3+ 64. Kxe3 a2 65. Nc5 a1=Q 66. Ne6+ Kf7 67. Nd4 Qg1+ 68. Kd3 Qg3+ 69. Kc2 c5 70. Nb5 b3+ 71. Kb2 c4 72. Nd6+ Ke6 73. Nxc4 Qxh4 74. Kxb3 Qxg5 75. Kc3 h4 76. Kd3 h3 77. Nd2 Qg3+ 78. Ke4 h2 79. Nf3 Qxf3+ 80. Kxf3 h1=Q+ 81. Ke3 g5 82. Kd4 g4 83. Ke3 g3 84. Kf4 g2 85. Ke4 g1=Q+ 86. Kf4 Qf2+ 87. Kg4 Qhg2+ 88. Kh5 Qff3+ 89. Kh6 Qfh3# 0-1

[Event "2nd Memorial Petro Katsan 2023"]
[Site "Chernonograd"]
[Date "2023.01.22"]
[Round "8"]
[White "Soroka, Denys"]
[Black "Korchevskyi, Volodymyr"]
[Result "1-0"]
[ECO "E00"]
[WhiteElo "1624"]
[BlackElo "1244"]
[Annotator "NA RC COMBH"]
[PlyCount "41"]
[EventDate "2023.01.24"]
[EventRounds "9"]
[EventCountry "UKR"]
[SourceTitle "playchess.com"]
[Source "ChessBase"]
[SourceQuality "1"]
[TimeControl "600+5"]

1. d4 Nf6 2. c4 e6 3. d5 Bc5 4. Nc3 O-O 5. Bg5 h6 6. Bh4 d6 7. e4 c6 8. Be2 cxd5 9. cxd5 Qb6 10. Qc2 Na6 11. Bxf6 Bxf2+ 12. Kf1 Bxg1 13. Rxg1 gxf6 14. a3 Nc5 15. b4 Nd7 16. Qd2 Kh7 17. g4 Rg8 18. Rg3 Nf8 19. Rh3 Rg6 20. Rc1 f5 21. exf5 1-0

[Event "2nd Memorial Petro Katsan 2023"]
[Site "Chernonograd"]
[Date "2023.01.22"]
[Round "8"]
[White "Kutsyk, Roman"]
[Black "Kozak, Dmytro"]
[Result "1-0"]
[ECO "D00"]
[WhiteElo "1456"]
[BlackElo "1937"]
[Annotator "TA"]
[PlyCount "115"]
[EventDate "2023.01.24"]
[EventRounds "9"]
[EventCountry "UKR"]
[SourceTitle "playchess.com"]
[Source "ChessBase"]
[SourceQuality "1"]
[TimeControl "600+5"]

1. d4 d5 2. Bf4 e6 3. e3 Bd6 4. Qg4 Qf6 5. Bxd6 cxd6 6. Nc3 {[#] Hoping for Nxd5. D00: 1 d4 d5: Unusual lines.} a6 $2 (6... Qg6 $14 7. Qd1 Nc6) 7. Nxd5 $18 exd5 8. Qxc8+ {White is winning.} Qd8 {[#]} 9. Qxb7 $146 ({Predecessor:} 9. Qxd8+ Kxd8 10. Nf3 Nc6 11. c3 Nf6 12. Bd3 Ne4 13. Bxe4 dxe4 14. Ng5 Ke7 15. Nxe4 {1-0 Adewumi,T (1730)-Miranda Fernandez,M (1243) Wch FIDE Online U10 America qual rapid 2020 (2)}) 9... Nd7 10. Qxd5 Ngf6 11. Qxd6 Rb8 12. Qa3 {Against Qa5+} ({Weaker is} 12. Bxa6 Qa5+ 13. Ke2 Ne4 $11) 12... Qc7 13. Bd3 ({Not} 13. Bxa6 Ra8 14. Nf3 Qb6 $16) 13... a5 14. Nf3 h6 15. O-O Nd5 16. c3 {Against Nb4} Ne7 17. e4 Nf6 18. Qa4+ Kf8 19. Qa3 g6 20. e5 Nfd5 21. Be4 Kg7 22. Qd6 Rhd8 23. Qxc7 Nxc7 24. Rab1 Rb6 25. Nd2 Ncd5 26. Nc4 Ra6 27. Bxd5 Nxd5 28. a4 Nf4 29. Rfe1 Rb8 30. g3 Nd5 31. Ne3 Nb6 32. b3 Rc8 33. c4 Ra7 34. d5 Rd7 35. Ng4 h5 36. Nf6 Rdd8 37. Ne4 Rc7 38. Nd6 Nd7 39. Nb5 Rb7 40. e6 fxe6 41. Rxe6 Nc5 42. Re3 Rf7 43. Rbe1 Kh6 44. f4 Na6 45. Re7 Rff8 46. Ra7 Nc5 47. Ree7 {[%csl Ga7][%cal Re7h7] [#]} Rh8 {Against Rh7+} 48. Nd4 {Nf3 would be deadly.} Rb8 49. d6 {[%cal Bd5d6,Bd6d7][%mdl 32] Black must now prevent Nf3.} Nxb3 50. Nxb3 (50. Nf5+ $142 gxf5 51. Re6#) 50... Rxb3 {[%mdl 4096] Endgame KRR-KRR} 51. d7 {White mates.} Rd3 52. c5 Rd8 53. c6 Rd1+ 54. Kf2 Rd2+ 55. Ke3 Rd1 56. Ke2 Rc1 57. Re8 Rc2+ 58. Kd3 {White took control after the opening.   Weighted Error Value: White=0.10 (very precise) /Black=0.83} 1-0

[Event "2nd Memorial Petro Katsan 2023"]
[Site "Chernonograd"]
[Date "2023.01.22"]
[Round "8"]
[White "Katsan, Danylo"]
[Black "Hychkevych, Vitaliy"]
[Result "1-0"]
[ECO "D02"]
[WhiteElo "1447"]
[BlackElo "1251"]
[Annotator "NA RC COMBH"]
[PlyCount "113"]
[EventDate "2023.01.24"]
[EventRounds "9"]
[EventCountry "UKR"]
[SourceTitle "playchess.com"]
[Source "ChessBase"]
[SourceQuality "1"]
[TimeControl "600+5"]

1. Nf3 d5 2. d4 Nf6 3. Bf4 g6 4. e3 Bg7 5. c3 O-O 6. h3 a6 7. a4 b6 8. Nbd2 Bb7 9. Be2 Nbd7 10. O-O c5 11. Bh2 c4 12. Ne5 Rc8 13. f3 Nxe5 14. Bxe5 Bh6 15. Bxf6 Bxe3+ 16. Kh1 exf6 17. Nb1 Bh6 18. f4 b5 19. axb5 axb5 20. f5 Qb6 21. Bg4 Ra8 22. Rxa8 Rxa8 23. Qe1 g5 24. h4 Qc6 25. Na3 Re8 26. Qd2 Re4 27. hxg5 Bxg5 28. Qd1 Qd6 29. Nc2 Qg3 30. Bh3 Bf4 31. Qg4+ Qxg4 32. Bxg4 Bg5 33. Bf3 Rf4 34. Be2 Rh4+ 35. Kg1 Bf4 36. Bf3 Bc8 37. Bxd5 Bxf5 38. g3 Rh5 39. Rxf4 Bxc2 40. Bc6 Kg7 41. d5 f5 42. Bxb5 Be4 43. Bxc4 Rh1+ 44. Kf2 Rh2+ 45. Ke3 Rxb2 46. g4 Rc2 47. gxf5 Rxc3+ 48. Kd4 Rh3 49. Kxe4 h5 50. d6 Kf6 51. Kd5 Rh1 52. d7 Ke7 53. Kc6 Rd1 54. Re4+ Kf6 55. Bd5 Rc1+ 56. Rc4 Rxc4+ 57. Bxc4 1-0

[Event "2nd Memorial Petro Katsan 2023"]
[Site "Chernonograd"]
[Date "2023.01.22"]
[Round "8"]
[White "Gavker, Markiyan"]
[Black "Karpinets, Andrian"]
[Result "0-1"]
[ECO "B32"]
[WhiteElo "1310"]
[BlackElo "1370"]
[Annotator "NA RC COMBH"]
[PlyCount "90"]
[EventDate "2023.01.24"]
[EventRounds "9"]
[EventCountry "UKR"]
[SourceTitle "playchess.com"]
[Source "ChessBase"]
[SourceQuality "1"]
[TimeControl "600+5"]

1. e4 c5 2. Nf3 Nc6 3. d4 cxd4 4. Nxd4 e5 5. Nb3 Nf6 6. Nc3 Bb4 7. Bd3 d5 8. exd5 Nxd5 9. Bd2 Nxc3 10. bxc3 Be7 11. O-O O-O 12. f4 a5 13. a4 Be6 14. Be3 exf4 15. Bxf4 Bf6 16. Qd2 Qd5 17. Rad1 Qh5 18. Be2 Bg4 19. Bxg4 Qxg4 20. Nd4 Rad8 21. Qf2 Nxd4 22. cxd4 Rfe8 23. c3 Re2 24. Qf3 Qxf3 25. Rxf3 Rc8 26. Ra1 Rc2 27. Ra3 R2xc3 28. Be5 Rxa3 29. Rxa3 Bxe5 30. dxe5 Kf8 31. Kf2 Ke7 32. Rb3 Rc4 33. Rxb7+ Ke6 34. Ra7 Rxa4 35. h3 Ra3 36. Ke2 Ra1 37. Kf2 a4 38. Ra5 a3 39. g4 h6 40. Kg2 Ra2+ 41. Kg3 Ra1 42. Kg2 h5 43. gxh5 a2 44. h4 Kf5 45. Ra4 Kxe5 0-1